 Dungeon Crawl Stone Soup version 0.22-a0-135-g6f012ad (webtiles) character file.

4358 KristoblXynda the Cleaver (level 10, -1/81 HPs)
             Began as a Minotaur Wizard on Feb 1, 2018.
             Was a Follower of Ashenzari.
             Slain by a wight
             ... wielding a cursed +4 trident
              (12 damage)
             ... on level 9 of the Dungeon.
             The game lasted 00:22:41 (11126 turns).

KristoblXynda the Cleaver (Minotaur Wizard)        Turns: 11126, Time: 00:22:41

Health: -1/81      AC: 12    Str: 13    XL:     10   Next: 12%
Magic:  17/17      EV:  9    Int: 17    God:    Ashenzari [*.....]
Gold:   123        SH:  0    Dex: 14    Spells: 15/19 levels left

rFire    + . .     SeeInvis .   C - +9 broad axe of Zeilitet {elec, *Slow rF+ rC+} (curse)
rCold    + . .     Gourm    .   (no shield)
rNeg     . . .     Faith    .   o - +3 scale mail
rPois    .         Spirit   .   b - +0 hat
rElec    +         Reflect  .   l - +0 cloak
rCorr    +         Harm     .   (no gloves)
MR       .....                  x - +0 pair of boots (curse)
Stlth    ..........             (no amulet)
HPRegen  0.23/turn              t - ring of resist corrosion (curse)
MPRegen  0.15/turn              y - ring of Hokkob {rElec Dex+5} (curse)

@: about to teleport, slowed, heavily drained, very slow
A: retaliatory headbutt, horns 2
a: Curse Item, Scrying, Renounce Religion


You were on level 9 of the Dungeon.
You worshipped Ashenzari.
Ashenzari was aware of your devotion.
You were not hungry.

You visited 2 branches of the dungeon, and saw 10 of its levels.

You collected 393 gold pieces.
You spent 270 gold pieces at shops.

Inventory:

Hand Weapons
 C - the cursed +9 broad axe of Zeilitet (weapon) {elec, *Slow rF+ rC+}
   (You bought it in a shop on level 4 of the Dungeon)

   Occasionally, upon striking a foe, it will discharge some electrical energy
   and cause terrible harm.
   It protects you from fire.
   It protects you from cold.
   It may slow you when you take damage.
   It has a curse placed upon it.
Armour
 b - a +0 hat (worn)
 l - a +0 cloak (worn)
 o - a +3 scale mail (worn)
 x - a cursed +0 pair of boots (worn)
 H - a +0 buckler
Jewellery
 t - a cursed ring of resist corrosion (left hand)
 y - the cursed ring of Hokkob (right hand) {rElec Dex+5}
   (You found it on level 6 of the Dungeon)

   [ring of dexterity]

   It affects your dexterity (+5).
   It insulates you from electricity.
   It has a curse placed upon it.
 J - an uncursed amulet of harm
Wands
 A - a wand of flame (25)
 B - a wand of acid (12)
 E - a wand of enslavement (8)
Scrolls
 e - 9 scrolls of remove curse
 f - 2 scrolls of fear
 g - a scroll of blinking {unknown}
 h - 5 scrolls of teleportation
 k - 2 scrolls of immolation {unknown}
 m - 3 scrolls of fog
 q - a scroll of magic mapping {unknown}
 r - a scroll of identify
 s - 2 scrolls of amnesia {unknown}
 v - a scroll of enchant armour {unknown}
Potions
 a - a potion of ambrosia {unknown}
 j - 2 potions of berserk rage
 n - a potion of brilliance {unknown}
 p - 2 potions of flight
 u - a potion of invisibility {unknown}
 w - a potion of heal wounds
 z - 2 potions of agility
 D - a potion of resistance {unknown}
Books
 c - a book of Minor Magic

   Spells                             Type                      Level
   a - Magic Dart                     Conjuration                  1
   b - Blink                          Translocation                2
   c - Call Imp                       Summoning                    2
   d - Slow                           Hexes                        2
   e - Conjure Flame                  Conjuration/Fire             3
   f - Mephitic Cloud                 Conjuration/Poison/Air       3
 d - a book of Maledictions

   Spells                             Type                      Level
   a - Corona                         Hexes                        1
   b - Ensorcelled Hibernation        Hexes/Ice                    2
   c - Confuse                        Hexes                        3
   d - Tukima's Dance                 Hexes                        3
   e - Dazzling Spray                 Conjuration/Hexes            3
 F - a book of Callings

   Spells                             Type                      Level
   a - Summon Small Mammal            Summoning                    1
   b - Call Imp                       Summoning                    2
   c - Call Canine Familiar           Summoning                    3
   d - Summon Guardian Golem          Hexes/Summoning              3
   e - Summon Lightning Spire         Summoning/Air                4
   f - Summon Ice Beast               Ice/Summoning                4
Miscellaneous
 I - a phantom mirror
Comestibles
 i - 8 rations


   Skills:
 - Level 5.0(3.8) Fighting
 * Level 8.7(7.9) Axes
   Level 5.1(6.3) Maces & Flails
 + Level 6.0(4.7) Armour
 - Level 2.1(1.1) Dodging
 - Level 1.5(0.4) Stealth
 - Level 5.4(4.2) Spellcasting
 - Level 5.3(4.1) Conjurations
   Level 0.6(0.0) Summonings
   Level 0.6(0.0) Translocations


You had 15 spell levels left.
You knew the following spells:

 Your Spells              Type           Power        Failure   Level  Hunger
a - Magic Dart            Conj           ###.         12%         1    None
b - Mephitic Cloud        Conj/Pois/Air  #.......     73%         3    ###....


Dungeon Overview and Level Annotations

Branches:
Dungeon (9/15)             Temple (1/1) D:6
   Lair: D:8-11         Orc: D:9-12

Altars:
Ashenzari
Cheibriados
Elyvilon
Fedhas
Gozag
Nemelex Xobeh
Qazlal
Ru
Sif Muna
Xom
Yredelemnul
The Shining One

Shops:
D:4 *   D:9 =


Innate Abilities, Weirdness & Mutations

You reflexively headbutt those who attack you in melee.
You have a pair of horns on your head.


Message History

The wight is lightly damaged.
The wight closely misses you. The wight hits you but does no damage.
The wight barely misses you.
The wight hits you from afar with an enchanted halberd.
You feel drained. The wight hits you but does no damage.
The wight hits you from afar with a halberd of freezing.
You feel drained. The wight freezes you.
As you read the scroll of teleportation, it crumbles to dust.
You feel strangely unstable. The wight hits you but does no damage.
The wight closely misses you.
The wight hits you from afar with an enchanted trident.
* * * LOW HITPOINT WARNING * * *
The wight hits you from afar with a halberd of freezing.
* * * LOW HITPOINT WARNING * * *
The wight freezes you.
* * * LOW HITPOINT WARNING * * *
The wight hits you with a long sword!
* * * LOW HITPOINT WARNING * * *
The wight hits you from afar with an enchanted trident!
You die...

#....# +.....# #
#....#####.....# #
#..............# #
#..............# #
##.............#######
#.................... .
#zzzz......#####'#...
###'###ยง.........+.....#...
.......)..@......#.....##..
.................##.....#..
........).........#.....#..
..................#.....#..
..................#.....#..
..................#.....#..
#####.............###'#.#..
######............#.#..
............###..


You could see 4 wights.

Vanquished Creatures
  Pikel (D:5)
  The ghost of anet the Vexing, a novice DEWz of Ashenzari (D:9)
  Joseph (D:8)
  Grinder (D:5)
  A hippogriff (D:6)
  A slave (D:5)
  3 orc warriors
  2 ice beasts (D:8)
  A phantom (D:5)
  3 centaurs
  4 ogres
  2 bullfrogs
  2 scorpions
  6 killer bees (D:7)
  4 wights (D:9)
  3 crimson imps
  A centaur zombie (D:8)
  6 hounds
  3 orc priests
  An iguana (D:6)
  3 bullfrog skeletons
  A centaur skeleton (D:5)
  7 orc wizards
  2 worker ants
  2 killer bee zombies
  4 gnolls (D:5)
  10 adders
  2 oozes
  A worm (D:3)
  2 dart slugs (D:2)
  6 leopard geckos
  17 orcs
  2 giant cockroaches
  8 goblins
  10 hobgoblins
  4 jackals
  4 quokkas
  14 bats
  5 frilled lizards
  A kobold (D:2)
  A leopard gecko zombie (D:5)
  A quokka skeleton (D:4)
  10 rats
164 creatures vanquished.

Vanquished Creatures (others)
  A crimson imp (D:5)
1 creature vanquished.

Grand Total: 165 creatures vanquished

Notes
Turn   | Place    | Note
-------+----------+-------------------------------------------
     0 | D:1      | KristoblXynda the Minotaur Wizard began the quest for the Orb.
     0 | D:1      | Reached XP level 1. HP: 14/14 MP: 2/2
   454 | D:1      | Reached skill level 1 in Conjurations
   575 | D:1      | Reached XP level 2. HP: 22/22 MP: 0/4
   786 | D:1      | Reached skill level 1 in Fighting
  1284 | D:2      | Reached XP level 3. HP: 28/28 MP: 0/5
  1499 | D:2      | Learned a level 3 spell: Mephitic Cloud
  2446 | D:2      | Reached skill level 1 in Maces & Flails
  2609 | D:2      | Reached XP level 4. HP: 34/35 MP: 3/7
  4084 | D:4      | Noticed an ogre
  4144 | D:4      | Killed an ogre
  4144 | D:4      | Reached XP level 5. HP: 21/40 MP: 0/8
  4737 | D:4      | Reached XP level 6. HP: 37/47 MP: 7/10
  5237 | D:4      | Found Gacromaesk's Assorted Antiques.
  5472 | D:5      | Entered Level 5 of the Dungeon
  5497 | D:5      | Noticed Grinder
  5523 | D:5      | Reached XP level 7. HP: 49/52 MP: 5/12
  5820 | D:5      | Paralysed by Grinder for 4 turns
  5848 | D:5      | Killed Grinder
  6494 | D:5      | Noticed Pikel
  6512 | D:5      | Killed Pikel
  6512 | D:5      | Reached skill level 5 in Maces & Flails
  6512 | D:5      | Reached skill level 5 in Spellcasting
  6512 | D:5      | Reached XP level 8. HP: 29/59 MP: 6/14
  7035 | D:5      | Reached skill level 5 in Conjurations
  7236 | D:6      | Found a staircase to the Ecumenical Temple.
  7277 | Temple   | Entered the Ecumenical Temple
  7320 | Temple   | Became a worshipper of Ashenzari the Shackled
  7353 | D:6      | Noticed a hippogriff
  7378 | D:6      | Killed a hippogriff
  7661 | D:4      | Bought a crystal broad axe for 270 gold pieces
  7663 | D:4      | Identified the +9 broad axe of Zeilitet {elec, *Slow rF+ rC+} (You bought it in a shop on level 4 of the Dungeon)
  7717 | D:6      | Reached skill level 1 in Axes
  7739 | D:6      | Reached skill level 2 in Axes
  7739 | D:6      | Reached skill level 1 in Armour
  7895 | D:6      | Identified the ring of Hokkob {rElec Dex+5}
  8341 | D:6      | Reached XP level 9. HP: 67/69 MP: 16/16
  8466 | D:6      | Reached skill level 3 in Axes
  8916 | D:7      | Reached skill level 4 in Axes
  9245 | D:7      | Reached skill level 5 in Axes
  9964 | D:7      | Reached * piety under Ashenzari
 10249 | D:8      | Reached skill level 6 in Axes
 10252 | D:8      | Reached skill level 5 in Fighting
 10265 | D:8      | Found a sacrificial altar of Ru.
 10344 | D:8      | Noticed Joseph
 10353 | D:8      | Killed Joseph
 10353 | D:8      | Reached skill level 7 in Axes
 10353 | D:8      | Reached skill level 5 in Armour
 10962 | D:9      | Found Ycienien's Jewellery Shoppe.
 11018 | D:9      | Reached skill level 8 in Axes
 11091 | D:9      | Noticed anet's ghost (novice DEWz)
 11109 | D:9      | Reached XP level 10. HP: 77/81 MP: 17/17
 11117 | D:9      | Killed anet's ghost
 11126 | D:9      | Slain by a wight

Vault maps used:
D:1:      matt_arrival_diagonals
D:2:      first_ration
D:4:      serial_shops, kennysheep_mini_moat
D:5:      uniq_pikel, uniq_grinder
D:6:      temple_pool_b
D:8:      lemuel_crystal_altar, uniq_joseph
D:9:      serial_shops, shop, grunt_ogre_cave, uniq_maurice
Temple:   regret_index_temple_sigil_plot

Skill      XL: |  1  2  3  4  5  6  7  8  9 10 |
---------------+-------------------------------+-----
Conjurations   | 1 2 3 4 5 |  5.3
Fighting       | 1 3 5 |  5.0
Maces & Flails | 1 2 3 5 |  5.1
Spellcasting   | 3 4 5 |  5.4
Axes           | 2 8 |  8.7
Armour         | 1 5 6 |  6.0
Dodging        | |  2.1
Stealth        | |  1.5
Summonings     | |  0.6
Translocations | |  0.6

Action                   |  1- 3 |  4- 6 |  7- 9 | 10-12 || total
-------------------------+-------+-------+-------+-------++-------
Melee: Unarmed           |    36 |       |       |       ||    36
       Whip              |    37 |    96 |    97 |       ||   230
       Headbutt          |     4 |    12 |    27 |     2 ||    45
       Morningstar       |       |       |    12 |       ||    12
       Broad axe         |       |       |   154 |     7 ||   161
 Cast: Magic Dart        |    54 |    86 |    79 |       ||   219
       Mephitic Cloud    |       |     4 |     5 |       ||     9
Invok: Curse Item        |       |       |     2 |       ||     2
Evoke: Wand              |       |       |     3 |       ||     3
  Use: Potion            |     1 |     1 |     5 |     1 ||     8
       Scroll            |       |     8 |     5 |     1 ||    14
 Stab: Sleeping          |       |     1 |       |       ||     1
  Eat: Chunk             |     4 |     4 |    11 |       ||    19
       Ration            |     1 |     1 |     2 |     1 ||     5
Armor: Robe              |    40 |    16 |    19 |       ||    75
       Skin              |       |    17 |    65 |       ||    82
       Scale mail        |       |       |    81 |    13 ||    94
Dodge: Dodged            |   107 |    60 |   129 |    11 ||   307

Table legend:
 A = Spawn XP
 B = Non-spawn XP
 C = Spawn XP percentage of total XP
 D = Spawn monster count
 E = Non-spawn monster count
 F = Spawn count percentage of total count
 G = Total turns spent on level
                    A         B        C        D         E        F      G
               +---------+---------+-------+---------+---------+-------+---------
         Total |       0 |    6226 |   0.0 |       0 |     163 |   0.0 | 11126
               +---------+---------+-------+---------+---------+-------+---------
           D:1 |       0 |      39 |   0.0 |       0 |      21 |   0.0 |  1248
           D:2 |       0 |      61 |   0.0 |       0 |      20 |   0.0 |  1528
           D:3 |       0 |      73 |   0.0 |       0 |      23 |   0.0 |  1213
           D:4 |       0 |     369 |   0.0 |       0 |      11 |   0.0 |  2039
           D:5 |       0 |    1502 |   0.0 |       0 |      23 |   0.0 |  1368
           D:6 |       0 |     846 |   0.0 |       0 |      17 |   0.0 |  1144
           D:7 |       0 |    1170 |   0.0 |       0 |      24 |   0.0 |  1454
           D:8 |       0 |    1006 |   0.0 |       0 |       9 |   0.0 |   728
           D:9 |       0 |    1160 |   0.0 |       0 |      15 |   0.0 |   343
               +---------+---------+-------+---------+---------+-------+---------
